 Dungeon Crawl Stone Soup version 0.22-a0-307-g2b15929 (webtiles) character file.

106 grizmgrazm2 the Skirmisher (level 4, 0/40 HPs)
             Began as a Ghoul Abyssal Knight on Apr 1, 2018.
             Was a Believer of Lugonu.
             Slain by an orc
             ... wielding a cursed -1 club
              (2 damage)
             ... on level 3 of the Dungeon.
             The game lasted 00:05:31 (1954 turns).

grizmgrazm2 the Skirmisher (Ghoul Abyssal Knight)   Turns: 1954, Time: 00:05:32

Health: 0/40       AC:  7    Str: 16    XL:     4   Next: 84%
Magic:  3/4        EV:  9    Int:  7    God:    Lugonu [**....]
Gold:   140        SH:  0    Dex:  8    Spells: 3/3 levels left

rFire    . . .     SeeInvis .     - Unarmed
rCold    + . .     Gourm    .   (no shield)
rNeg     + + +     Faith    .   k - +0 scale mail
rPois    ∞         Spirit   .   a - +0 helmet
rElec    .         Reflect  .   (no cloak)
rCorr    .         Harm     .   (no gloves)
MR       .....                  (no boots)
Stlth    ..........             (no amulet)
HPRegen  0.00/turn              (no ring)
MPRegen  0.09/turn              (no ring)

@: rotting
A: rotting body, claws 1, carnivore, cold resistance 1, negative energy
resistance 3, inhibited regeneration, torment resistance, unbreathing
a: Depart the Abyss, Bend Space, Renounce Religion


You were on level 3 of the Dungeon.
You worshipped Lugonu.
Lugonu was pleased with you.
You were not hungry.

You visited 1 branch of the dungeon, and saw 4 of its levels.
You visited the Abyss 1 time.

You collected 140 gold pieces.

Inventory:

Armour
 a - a +0 helmet (worn)
 k - a +0 scale mail (worn)
Wands
 l - a wand of polymorph (8)
Scrolls
 d - 4 scrolls of remove curse
 h - 4 scrolls of identify
Potions
 c - a potion of resistance {unknown}
 e - a potion of flight {unknown}
 f - a potion of berserk rage {unknown}
 g - a potion of haste {unknown}
 i - 3 potions of heal wounds {unknown}
Comestibles
 b - 2 rations


   Skills:
 + Level 3.8 Fighting
 + Level 2.4 Armour
 + Level 1.3 Dodging
 + Level 0.2 Stealth
 + Level 3.8 Unarmed Combat
 + Level 2.6 Invocations


You had 3 spell levels left.
You didn't know any spells.

Dungeon Overview and Level Annotations

Branches:
Dungeon (4/15)
 Temple: D:4-7

Altars:
Qazlal

Annotations:
D:2 Natasha


Innate Abilities, Weirdness & Mutations

Your body is rotting away.
You thrive on raw meat.
You are immune to poison.
You have sharp fingernails.
You are carnivorous and can eat meat at any time.
Your flesh is cold resistant. (rC+)
You are immune to negative energy. (rN+++)
You do not regenerate when monsters are visible.
You are immune to unholy pain and torment.
You can survive without breathing.


Message History

The orc shouts! x2
The orc priest invokes the aid of Beogh against you.
Beogh smites you! The orc hits you but does no damage.
There is a stone staircase leading up here.
The orc priest mumbles some strange prayers to Beogh against you.
Beogh smites you!
The orc priest hits you but does no damage.
You climb upwards.
There is a stone staircase leading down here.
The orc misses you. The orc priest barely misses you.
The orc priest hits you but does no damage.
The orc priest invokes the aid of Beogh against you.
Beogh smites you!
* * * LOW HITPOINT WARNING * * *
Okay, then.
Space bends around you!
You blink.
The orc priest misses you. The orc closely misses you.
You eat one of the 3 rations.
That ration really hit the spot!
The orc hits you with a club.
You die...

#........##########
#######........#
##.....#........##########
##....>..####............(.
#.........##...############
#..........§.#.#
#......(.o####.###
#........o####...## ##
#.........@.......# ####.
#.........######..#####....
#.........# ##..........
#.........# #.#####....
#.........# #..........
#.........# #.#######..
##.......## ##.# ###.
##.....## #..######...
########### #.......(...


You could see an orc priest and an orc.

Vanquished Creatures
  A scorpion (D:3)
  A shadow imp (D:2)
  An ooze (D:3)
  A leopard gecko (D:2)
  3 orcs (D:3)
  A ball python (D:3)
  2 giant cockroaches
  5 goblins (D:1)
  4 hobgoblins
  2 quokkas (D:3)
  5 bats
  6 frilled lizards
  6 kobolds
  A leopard gecko skeleton (D:3)
  A quokka skeleton (D:4)
  3 rats
43 creatures vanquished.

Notes
Turn   | Place    | Note
-------+----------+-------------------------------------------
     0 | Abyss:1  | grizmgrazm2 the Ghoul Abyssal Knight began the quest for the Orb.
     0 | Abyss:1  | Reached XP level 1. HP: 19/19 MP: 1/1
    30 | D:1      | Escaped the Abyss
   312 | D:1      | Reached skill level 1 in Dodging
   326 | D:2      | Reached XP level 2. HP: 21/26 MP: 2/2
   344 | D:2      | Noticed Natasha
  1253 | D:2      | Reached XP level 3. HP: 31/31 MP: 3/3
  1402 | D:3      | Reached ** piety under Lugonu
  1551 | D:3      | Found a stormy altar of Qazlal.
  1909 | D:4      | Noticed a scorpion
  1920 | D:3      | Killed a scorpion
  1920 | D:3      | Reached XP level 4. HP: 34/40 MP: 4/4
  1954 | D:3      | Slain by an orc

Vault maps used:
D:1:      dpeg_cavernosity, minmay_misc_feat_iff
D:2:      fedhas_altar_4, first_ration, minmay_misc_feat_four_crosses,
          nicolae_ru_path_of_blood, uniq_natasha, uniq_sigmund
D:3:      grunt_qazlal_sundering
D:4:      grunt_temple_overflow_open, minmay_temple_entry_statues_fountains,
          nrook_mini_backslash, uniq_robin

Skill      XL: |  1  2  3 |
---------------+----------+-----
Dodging        | 1 |  1.3
Unarmed Combat | 3 |  3.8
Armour         | 2 |  2.4
Fighting       | |  3.8
Stealth        | |  0.2
Invocations    | |  2.6

Action                   |  1- 3 |  4- 6 || total
-------------------------+-------+-------++-------
Melee: Unarmed           |   142 |     5 ||   147
       Punch             |     2 |     1 ||     3
Invok: Bend Space        |       |     1 ||     1
  Use: Scroll            |     3 |       ||     3
  Eat: Chunk             |    17 |       ||    17
       Ration            |       |     1 ||     1
Armor: Leather armour    |    11 |       ||    11
       Ring mail         |    30 |       ||    30
       Scale mail        |    19 |     6 ||    25
Dodge: Dodged            |    88 |     6 ||    94

Table legend:
 A = Spawn XP
 B = Non-spawn XP
 C = Spawn XP percentage of total XP
 D = Spawn monster count
 E = Non-spawn monster count
 F = Spawn count percentage of total count
 G = Total turns spent on level
                    A         B        C        D         E        F      G
               +---------+---------+-------+---------+---------+-------+---------
         Total |       0 |     152 |   0.0 |       0 |      43 |   0.0 |  1954
               +---------+---------+-------+---------+---------+-------+---------
           D:1 |       0 |      26 |   0.0 |       0 |      17 |   0.0 |  1140
           D:2 |       0 |      24 |   0.0 |       0 |       9 |   0.0 |   169
           D:3 |       0 |     101 |   0.0 |       0 |      16 |   0.0 |   592
           D:4 |       0 |       1 |   0.0 |       0 |       1 |   0.0 |    23
               +---------+---------+-------+---------+---------+-------+---------
